 Dungeon Crawl Stone Soup version 0.28.0-53-g5a82cb258f (webtiles) character file.

Game seed: 4345935571793051733

18 LynnLen the Sneak (level 2, -2/15 HPs)
             Began as a Vampire Enchanter on Aug 15, 2022.
             Slain by a gnoll
             ... wielding a +0 flail
              (8 damage)
             ... on level 2 of the Dungeon.
             The game lasted 00:04:11 (1266 turns).

LynnLen the Sneak (Vampire Enchanter)               Turns: 1266, Time: 00:04:12

Health: -2/15      AC:  4    Str:  7    XL:     2   Next: 51%
Magic:  5/5        EV: 12    Int: 17    God:
Gold:   38         SH:  0    Dex: 14    Spells: 5/5 levels left

rFire   . . .      SeeInvis +   a - +1 dagger (flame)
rCold   + + .      Faith    .   (no shield)
rNeg    + + +      Spirit   .   b - +0 robe
rPois   ∞          Reflect  .   (no helmet)
rElec   .          Harm     .   (no cloak)
rCorr   .          Rampage  .   e - +0 pair of gloves
Will    .....                   g - +0 pair of boots
Stlth   +++++.....              (no amulet)
HPRegen 0.00/turn               (no ring)
MPRegen 0.09/turn               (no ring)

@: bloodless, inhibited regen, invisible
A: bloodless, fangs 3, see invisible, vampiric 1
a: Revivify


You were on level 2 of the Dungeon.
You visited 1 branch of the dungeon, and saw 2 of its levels.

You collected 38 gold pieces.

Inventory:

Hand Weapons
 a - a +1 dagger of flaming (weapon)
Missiles
 f - 2 poisoned darts (quivered)
 l - 13 sling bullets
 m - 30 stones
Armour
 b - a +0 robe (worn)
 e - a +0 pair of gloves (worn)
 g - a +0 pair of boots (worn)
Scrolls
 h - a scroll of teleportation
 i - a scroll of fear


   Skills:
 + Level 2.1 Short Blades
 - Level 2.1 Dodging
 + Level 5.2 Stealth
 - Level 2.0 Spellcasting
 - Level 4.4 Hexes


You had 5 spell levels left.
You didn't know any spells.
Your spell library contained the following spells:

 Spells                   Type           Power      Damage    Failure   Level
 Confusing Touch          Hex            16%        N/A       10%         3
 Tukima's Dance           Hex            16%        N/A       10%         3
 Ensorcelled Hibernation  Hex/Ice        18%        N/A       12%         2
 Dazzling Flash           Conj/Hex       18%        N/A       24%         3


Dungeon Overview and Level Annotations

Branches:
Dungeon (2/15)

Altars:


Innate Abilities, Weirdness & Mutations

You do not regenerate when monsters are visible.
You are frail without blood (-20% HP).
You can heal yourself when you bite living creatures.
You are immune to poison.
You have razor-sharp teeth.
You have supernaturally acute eyesight. (SInv)
You are afflicted with vampirism.


Message History

A ball python comes into view.
A quokka comes into view.
A gnoll comes into view. It is wielding a +0 flail.
The gnoll shouts!
You hear a shout!
The ball python closely misses you. The ball python barely misses you.
The ball python barely misses you. The ball python misses you.
The ball python bites you. The ball python grabs you.
The ball python constricts you.
You escape the ball python's grasp.
The ball python barely misses you. The ball python grabs you.
The ball python constricts you.
You hit the ball python. You burn the ball python.
The ball python is severely wounded.
The ball python misses you. The ball python constricts you.
You closely miss the ball python. Your bite misses the ball python.
The ball python is severely wounded.
The ball python barely misses you. The ball python constricts you.
You closely miss the ball python.
The ball python is severely wounded.
The ball python bites you. The ball python constricts you.
You hit the ball python. You burn the ball python.
You kill the ball python!
You hit the gnoll but do no damage. You punch the gnoll, but do no damage.
You bite the gnoll, but do no damage. The gnoll closely misses you.
You hit the gnoll. You burn the gnoll.
The gnoll is lightly wounded.
The gnoll hits you with a +0 flail.
You hit the gnoll but do no damage.
The gnoll is lightly wounded.
The gnoll misses you.
You fade into invisibility!
The gnoll closely misses you.
You hit the gnoll. You burn the gnoll.
The gnoll is heavily wounded.
The gnoll closely misses you.
You hit the gnoll but do no damage. Your bite misses the gnoll.
The gnoll is heavily wounded.
The gnoll hits you with a +0 flail!
Ouch! That really hurt!
You die...

### #<#
#####################.#
#......g@.............#
#######.#####################
...............r
#####.....###### #.g...+
####.....# #......###
#........# #........#


You could see a gnoll.

Vanquished Creatures
  4 endoplasms (D:1)
  A giant cockroach (D:1)
  2 hobgoblins (D:1)
  A quokka (D:1)
  3 ball pythons
  2 bats (D:1)
  A frilled lizard (D:1)
  2 kobolds (D:1)
  A rat (D:1)
17 creatures vanquished.

Vanquished Creatures (others)
  A plant (D:1)
1 creature vanquished.

Grand Total: 18 creatures vanquished

Notes
Turn   | Place    | Note
-------+----------+-------------------------------------------
     0 | D:1      | LynnLen the Vampire Enchanter began the quest for the Orb.
     0 | D:1      | Reached XP level 1. HP: 13/13 MP: 3/3
   370 | D:1      | Found a faded altar of an unknown god.
   397 | D:1      | Reached XP level 2. HP: 15/15 MP: 5/5
   470 | D:1      | Reached skill level 5 in Stealth
  1266 | D:2      | Slain by a gnoll

Illustrated notes

Levels and vault maps discovered:
D:1:      dpeg_arrival_radiant, layout_basic,
          shapermc_ecumenical_altar_mp_ritualfount
D:2:      layout_basic, minmay_bisected

Skill      XL: |  1  2 |
---------------+-------+-----
Stealth        | 5 |  5.2
Short Blades   | 2 |  2.1
Dodging        | |  2.1
Spellcasting   | |  2.0
Hexes          | |  4.4

Action                   || total
-------------------------++-------
Melee: Dagger            ||    44
       Bite              ||     2
       Punch             ||     1
Throw: Dart              ||     2
 Abil: Exsanguinate      ||     1
  Use: Scroll            ||     5
       Potion            ||     1
 Stab: Sleeping          ||     8
Armor: Robe              ||    10
Dodge: Dodged            ||    34
